Anaheim Ducks vs Colorado Rockies
(R3)
Created - Sunday, April 20, 2025 at 08:48
Goals
|
| Anaheim Ducks |
0 |
0 |
0 |
0 |
| Colorado Rockies |
0 |
2 |
0 |
2 |
|
Shots
|
| Anaheim Ducks |
7 |
14 |
5 |
26 |
| Colorado Rockies |
2 |
7 |
11 |
20 |
|
1st period
No Goal
Penalties :
Vince Dunn (COL) for Fighting (Major) at 2:05, Brayden Schenn (ANA) for Fighting (Major) at 2:05, Victor Hedman (COL) for Tripping (Minor) at 8:11, Michael Bunting (COL) for High sticking (Minor) at 11:28
2nd period
1. Colorado Rockies , Kyle Connor 18 (Nikita Kucherov 30) at 0:52
2. Colorado Rockies , Kyle Palmieri 11 (Michael Bunting 15, Philipp Kurashev 14) at 16:17
Penalties :
Vince Dunn (COL) for Roughing (Minor) at 2:13, Nikita Zadorov (COL) for Roughing (Minor) at 4:42, John Tavares (ANA) for Holding (Minor) at 7:56, Nazem Kadri (ANA) for Slashing (Minor) at 14:03
3rd period
No Goal
Penalties :
Victor Hedman (COL) for Hooking (Minor) at 0:03, J.T. Compher (ANA) for Tripping (Minor) at 5:01, Brenden Dillon (ANA) for Goalie Interference (Minor) at 7:33, Victor Hedman (COL) for Cross-checking (Minor) at 13:32, Brenden Dillon (ANA) for Elbowing (Minor) at 15:44, Alex Killorn (ANA) for Cross-checking (Minor) at 19:03
Goalie Stats
Linus Ullmark (ANA), 18 saves from 20 shots - (0.900), L, 27-16-2, 60:00 minutes
Daniil Tarasov (COL), 20 saves from 20 shots - (1.000), W, 2-1-1, 37:55 minutes
Joey Daccord (COL), 6 saves from 6 shots - (1.000), 22:05 minutes
Players Stats for Anaheim Ducks
Player Name G A P +/- PIM S H SB GA TA FO MP PP MP PK MP
------------------------------------------------------------------------------------
Alex Killorn 0 0 0 0 2 2 1 0 0 1 0/0 16:35 5:44 2:44
Alexandre Texier 0 0 0 0 0 1 2 0 0 0 1/6 13:29 0:47 3:49
Alexey Toropchenko 0 0 0 0 0 1 2 0 0 0 0/0 7:30 0:00 0:00
Brayden Schenn 0 0 0 -1 5 2 1 0 0 0 2/2 19:46 6:16 6:05
Brenden Dillon 0 0 0 -1 4 1 1 0 0 0 0/0 13:34 0:00 2:27
Chandler Stephenson 0 0 0 0 0 1 0 0 2 0 4/6 11:28 0:07 2:37
Esa Lindell 0 0 0 -1 0 1 0 0 1 1 0/0 22:24 0:00 6:57
Ivan Provorov 0 0 0 0 0 0 2 3 0 1 0/0 23:42 5:20 6:17
J.T. Compher 0 0 0 0 2 2 1 0 0 0 4/6 13:27 0:07 4:42
Jakob Chychrun 0 0 0 0 0 1 1 1 0 0 0/0 16:23 6:34 0:54
John Tavares 0 0 0 -1 2 2 1 3 0 0 3/6 19:07 5:50 0:58
Joshua Morrissey 0 0 0 -2 0 2 1 0 1 0 0/0 26:51 6:34 5:07
Luke Evangelista 0 0 0 0 0 0 1 0 1 0 0/0 7:30 0:00 0:00
Mark Scheifele 0 0 0 -1 0 2 1 0 0 0 1/4 14:37 5:44 0:00
Mason Marchment 0 0 0 -1 0 2 0 1 0 0 0/1 8:44 0:00 0:00
Morgan Rielly 0 0 0 0 0 0 1 0 0 1 0/0 17:06 5:20 0:00
Nazem Kadri 0 0 0 -1 2 3 1 0 1 0 11/21 17:59 5:13 0:35
William Nylander 0 0 0 -1 0 3 1 1 2 1 1/1 18:50 5:54 0:12
Players Stats for Colorado Rockies
Player Name G A P +/- PIM S H SB GA TA FO MP PP MP PK MP
------------------------------------------------------------------------------------
Andrew Peeke 0 0 0 1 0 0 0 0 0 0 0/0 13:54 0:00 2:21
David Pastrnak 0 0 0 1 0 2 0 1 1 0 0/1 21:10 5:39 5:46
Evgeny Kuznetsov 0 0 0 0 0 0 0 1 0 0 0/0 3:54 0:00 0:00
Jesper Bratt 0 0 0 0 0 3 0 0 0 0 3/4 20:57 5:12 5:19
Kevin Hayes 0 0 0 0 0 0 0 0 0 0 1/1 0:46 0:00 0:00
Kyle Connor 1 0 1 1 0 4 2 0 0 0 1/1 16:57 5:39 0:39
Kyle Palmieri 1 0 1 1 0 2 0 0 0 1 0/1 13:59 0:00 0:54
Martin Fehervary 0 0 0 0 0 0 0 2 0 1 0/0 13:54 0:00 0:49
Michael Bunting 0 1 1 1 2 1 0 0 0 0 0/2 13:16 0:00 0:00
Nick Bonino 0 0 0 0 0 0 0 0 0 0 2/2 3:40 0:00 0:00
Nick Schmaltz 0 0 0 1 0 0 0 1 0 0 2/6 15:53 5:39 0:10
Nikita Kucherov 0 1 1 0 0 2 0 1 1 0 2/7 23:31 5:12 5:37
Nikita Zadorov 0 0 0 0 2 0 4 0 0 2 0/0 21:27 5:38 5:49
Philipp Kurashev 0 1 1 1 0 2 0 1 1 1 4/10 11:53 0:00 0:00
Quinn Hughes 0 0 0 1 0 1 1 0 1 2 0/0 25:30 5:13 6:50
Tim Stutzle 0 0 0 0 0 2 0 0 1 0 11/18 21:20 5:12 5:23
Victor Hedman 0 0 0 1 6 1 2 0 0 0 0/0 26:06 5:13 2:56
Vince Dunn 0 0 0 1 7 0 2 0 0 1 0/0 19:52 5:38 5:03
3 Stars
1 - Kyle Connor (COL)
2 - Kyle Palmieri (COL)
3 - Philipp Kurashev (COL)
Power Play
Anaheim Ducks - 0 on 6 Attempt(s) - 0.00%
Colorado Rockies - 0 on 6 Attempt(s) - 0.00%
Penalty Kill
Anaheim Ducks - 6 on 6 Attempt(s) - 100.00%
- Score 0 goal in Penalty Kill
Colorado Rockies - 6 on 6 Attempt(s) - 100.00%
- Score 0 goal in Penalty Kill
Team Stat
Anaheim Ducks - Hits : 18 - Faceoff Wins : 27 - Blocked Shots : 9 - Penalty Minutes : 17
Colorado Rockies - Hits : 11 - Faceoff Wins : 26 - Blocked Shots : 7 - Penalty Minutes : 17
Official
Referees : Jean Hebert and Beaudry Halkidis
Linesman : Travis Toomey and Bevan Mills
Game Notes
Vince Dunn beats up Brayden Schenn at 2:05 of 1st period
Daniil Tarasov is injured at 17:55 of 2nd period (Strained Left Knee)
Joey Daccord enters game at 17:55 of 2nd period
Finance
Level 1 -- Attendance: 5932 (98.87%) -- Ticket Income $533,880
Level 2 -- Attendance: 4926 (98.52%) -- Ticket Income $270,930
Level 3 -- Attendance: 2213 (73.77%) -- Ticket Income $77,455
Level 4 -- Attendance: 3500 (70.00%) -- Ticket Income $87,500
Luxury Box -- Attendance: 892 (89.20%) -- Ticket Income $156,100
Game was played at the Pepsi Center.
Total Attendance: 17463 (87.32%)
Total Ticket Income: $1,125,865
Other Income: $394,053
Total Income: $1,519,918
Anaheim Ducks
5 vs 5 Forward
Center Left Wing Right Wing Time % Phy DF OF
1 Nazem Kadri John Tavares William Nylander 40 1 2 2
2 Mark Scheifele Brayden Schenn Mason Marchment 30 1 2 2
3 Chandler Stephenson J.T. Compher Alex Killorn 20 1 2 2
4 Alexandre Texier Alexey Toropchenko Luke Evangelista 10 1 2 2
5 vs 5 Defense
Defense Defense Time % Phy DF OF
1 Esa Lindell Joshua Morrissey 40 1 2 2
2 Ivan Provorov Morgan Rielly 35 1 2 2
3 Brenden Dillon Jakob Chychrun 25 1 2 2
4 Esa Lindell Ivan Provorov 0 1 2 2
PowerPlay Forward
Center Left Wing Right Wing Time % Phy DF OF
1 John Tavares Brayden Schenn William Nylander 60 1 1 3
2 Nazem Kadri Alex Killorn Mark Scheifele 40 1 1 3
PowerPlay Defense
Defense Defense Time % Phy DF OF
1 Jakob Chychrun Joshua Morrissey 60 1 1 3
2 Ivan Provorov Morgan Rielly 40 1 2 2
Penalty Kill 4 Players Forward
Center Wing Time % Phy DF OF
1 J.T. Compher Brayden Schenn 60 1 3 1
2 Chandler Stephenson Alex Killorn 40 1 3 1
Penalty Kill 4 Players Defense
Defense Defense Time % Phy DF OF
1 Esa Lindell Ivan Provorov 60 1 3 1
2 Joshua Morrissey Brenden Dillon 40 1 3 1
Penalty Kill - 3 Players Forward
Forward Time % Phy DF OF
1 J.T. Compher 60 1 4 0
2 Brayden Schenn 40 1 4 0
Penalty Kill - 3 Players Defense
Defense Defense Time % Phy DF OF
1 Esa Lindell Ivan Provorov 60 1 4 0
2 Joshua Morrissey Brenden Dillon 40 1 4 0
4 vs 4 Forward
Center Wing Time % Phy DF OF
1 Mark Scheifele William Nylander 60 1 2 2
2 Nazem Kadri John Tavares 40 1 2 2
4 vs 4 Defense
Defense Defense Time % Phy DF OF
1 Esa Lindell Joshua Morrissey 60 1 2 2
2 Morgan Rielly Ivan Provorov 40 1 2 2
Last Minutes Offensive
Center Left Wing Right Wing Defense Defense
Nazem Kadri John Tavares William Nylander Joshua Morrissey Morgan Rielly
Last Minutes Defensive
Center Left Wing Right Wing Defense Defense
J.T. Compher Alex Killorn Brayden Schenn Ivan Provorov Esa Lindell
Goaltenders
Starting : Linus Ullmark
Backup : James Reimer
Extra Forwards
Normal : William Nylander, John Tavares, Brayden Schenn - PP : Nazem Kadri, William Nylander - PK : J.T. Compher
Extra Defensemen
Normal : Esa Lindell, Morgan Rielly, Brenden Dillon - PP : Joshua Morrissey - PK : Esa Lindell, Ivan Provorov
Penalty Shots
Alexandre Texier, Brenden Dillon, Mark Scheifele, John Tavares, Brayden Schenn
Scratches
Josh Manson (Healthy)
Colorado Rockies
5 vs 5 Forward
Center Left Wing Right Wing Time % Phy DF OF
1 Tim Stutzle Jesper Bratt Nikita Kucherov 30 1 2 2
2 Nick Schmaltz Kyle Connor David Pastrnak 30 1 2 2
3 Philipp Kurashev Kyle Palmieri Michael Bunting 25 1 2 2
4 Nick Bonino Michael Bunting Nikita Kucherov 15 1 2 2
5 vs 5 Defense
Defense Defense Time % Phy DF OF
1 Nikita Zadorov Quinn Hughes 30 1 2 2
2 Victor Hedman Martin Fehervary 30 1 2 2
3 Vince Dunn Andrew Peeke 25 1 2 2
4 Victor Hedman Quinn Hughes 15 1 2 2
PowerPlay Forward
Center Left Wing Right Wing Time % Phy DF OF
1 Tim Stutzle Jesper Bratt Nikita Kucherov 50 1 2 2
2 Nick Schmaltz Kyle Connor David Pastrnak 50 1 2 2
PowerPlay Defense
Defense Defense Time % Phy DF OF
1 Victor Hedman Quinn Hughes 50 1 2 2
2 Nikita Zadorov Vince Dunn 50 1 2 2
Penalty Kill 4 Players Forward
Center Wing Time % Phy DF OF
1 Nikita Kucherov David Pastrnak 50 1 2 2
2 Tim Stutzle Jesper Bratt 50 1 2 2
Penalty Kill 4 Players Defense
Defense Defense Time % Phy DF OF
1 Victor Hedman Vince Dunn 50 1 2 2
2 Nikita Zadorov Quinn Hughes 50 1 2 2
Penalty Kill - 3 Players Forward
Forward Time % Phy DF OF
1 Nikita Kucherov 50 1 2 2
2 David Pastrnak 50 1 2 2
Penalty Kill - 3 Players Defense
Defense Defense Time % Phy DF OF
1 Victor Hedman Vince Dunn 50 1 2 2
2 Nikita Zadorov Quinn Hughes 50 1 2 2
4 vs 4 Forward
Center Wing Time % Phy DF OF
1 Nikita Kucherov David Pastrnak 50 1 2 2
2 Tim Stutzle Jesper Bratt 50 1 2 2
4 vs 4 Defense
Defense Defense Time % Phy DF OF
1 Victor Hedman Quinn Hughes 50 1 2 2
2 Nikita Zadorov Vince Dunn 50 1 2 2
Last Minutes Offensive
Center Left Wing Right Wing Defense Defense
Tim Stutzle Jesper Bratt Nikita Kucherov Victor Hedman Quinn Hughes
Last Minutes Defensive
Center Left Wing Right Wing Defense Defense
Tim Stutzle Jesper Bratt Nikita Kucherov Victor Hedman Quinn Hughes
Goaltenders
Starting : Daniil Tarasov
Backup : Joey Daccord
Extra Forwards
Normal : Evgeny Kuznetsov, Kevin Hayes, Kyle Palmieri - PP : Evgeny Kuznetsov, Kevin Hayes - PK : Kyle Palmieri
Extra Defensemen
Normal : Vince Dunn, Victor Hedman, Nikita Zadorov - PP : Vince Dunn - PK : Victor Hedman, Nikita Zadorov
Penalty Shots
Nikita Kucherov, David Pastrnak, Tim Stutzle, Jesper Bratt, Kyle Connor
Scratches
None
% Time on Ice - Anaheim Ducks
Lines # - Real PCT - Wanted PCT - Time Play
Normal Forward
1 - 33% - 40% - 12:08
2 - 25% - 30% - 9:12
3 - 23% - 20% - 8:25
4 - 20% - 10% - 7:30
Normal Defense
1 - 39% - 40% - 14:35
2 - 35% - 35% - 12:54
3 - 25% - 25% - 9:28
4 - 1% - 0% - 0:18
PP Forward
1 - 51% - 60% - 6:06
2 - 49% - 40% - 5:48
PP Defense
1 - 55% - 60% - 6:34
2 - 45% - 40% - 5:20
PK Forward
1 - 76% - 60% - 8:14
2 - 24% - 40% - 2:37
PK Defense
1 - 53% - 60% - 5:44
2 - 47% - 40% - 5:07
PK3 Forward
1 - 0% - 60%
2 - 0% - 40%
PK3 Defense
1 - 0% - 60%
2 - 0% - 40%
44 Forward
1 - 0% - 60%
2 - 0% - 40%
44 Defense
1 - 0% - 60%
2 - 0% - 40%
Last Minute Offensive - 0:00
Last Minute Defensive - 0:00
Total
Forward - 60:00
Defense - 60:00
|
% Time on Ice - Colorado Rockies
Lines # - Real PCT - Wanted PCT - Time Play
Normal Forward
1 - 29% - 30% - 10:44
2 - 29% - 30% - 10:58
3 - 32% - 25% - 11:53
4 - 10% - 15% - 3:40
Normal Defense
1 - 31% - 30% - 11:29
2 - 34% - 30% - 12:51
3 - 27% - 25% - 10:06
4 - 8% - 15% - 2:49
PP Forward
1 - 48% - 50% - 5:12
2 - 52% - 50% - 5:39
PP Defense
1 - 48% - 50% - 5:13
2 - 52% - 50% - 5:38
PK Forward
1 - 53% - 50% - 6:17
2 - 47% - 50% - 5:37
PK Defense
1 - 63% - 50% - 7:27
2 - 37% - 50% - 4:27
PK3 Forward
1 - 0% - 50%
2 - 0% - 50%
PK3 Defense
1 - 0% - 50%
2 - 0% - 50%
44 Forward
1 - 0% - 50%
2 - 0% - 50%
44 Defense
1 - 0% - 50%
2 - 0% - 50%
Last Minute Offensive - 0:00
Last Minute Defensive - 0:00
Total
Forward - 60:00
Defense - 60:00
|
Play-by-Play
1st period
0:01 of 1st period - Jesper Bratt wins face-off versus Nazem Kadri in neutral zone.
0:26 of 1st period - Nick Schmaltz is hit by Brayden Schenn and loses puck.
0:57 of 1st period - Wrist shot by Alex Killorn.
0:57 of 1st period - Stopped by Daniil Tarasov without a rebound.
0:58 of 1st period - Nick Bonino wins face-off versus Alexandre Texier in Colorado Rockies zone.
0:58 of 1st period - Nick Bonino is hit by Alexey Toropchenko.
1:26 of 1st period - Slapshot by Kyle Connor.
1:26 of 1st period - Stopped by Linus Ullmark with a rebound.
1:28 of 1st period - Backhand shot by Quinn Hughes.
1:28 of 1st period - Shot Misses the Net.
1:30 of 1st period - Wrist shot by Nick Schmaltz.
1:30 of 1st period - Shot Misses the Net.
1:54 of 1st period - Slapshot by John Tavares.
1:54 of 1st period - Stopped by Daniil Tarasov without a rebound.
1:55 of 1st period - Philipp Kurashev wins face-off versus Mark Scheifele in Colorado Rockies zone.
2:05 of 1st period - Vince Dunn beats up Brayden Schenn.
2:05 of 1st period - Penalty to Vince Dunn for Fighting.
2:05 of 1st period - Penalty to Brayden Schenn for Fighting.
2:06 of 1st period - Nazem Kadri wins face-off versus Philipp Kurashev in Colorado Rockies zone.
2:13 of 1st period - Snap shot by William Nylander.
2:13 of 1st period - Stopped by Daniil Tarasov with a rebound.
2:15 of 1st period - Slapshot by Brenden Dillon.
2:15 of 1st period - Stopped by Daniil Tarasov without a rebound.
2:16 of 1st period - Nazem Kadri wins face-off versus Philipp Kurashev in Colorado Rockies zone.
2:31 of 1st period - Snap shot by John Tavares.
2:31 of 1st period - Deflect By Quinn Hughes.
2:31 of 1st period - Shot Misses the Net.
2:31 of 1st period - Puck is out of play.
2:32 of 1st period - Tim Stutzle wins face-off versus Chandler Stephenson in Colorado Rockies zone.
2:32 of 1st period - Tim Stutzle is hit by Joshua Morrissey.
2:43 of 1st period - Icing by J.T. Compher.
2:44 of 1st period - Nick Schmaltz wins face-off versus Chandler Stephenson in Anaheim Ducks zone.
2:47 of 1st period - Wrist shot by David Pastrnak.
2:47 of 1st period - Shot Misses the Net.
3:23 of 1st period - Slapshot by William Nylander.
3:23 of 1st period - Shot Hit the Post.
3:38 of 1st period - Snap shot by Luke Evangelista.
3:38 of 1st period - Deflect By Alexey Toropchenko.
3:38 of 1st period - Stopped by Daniil Tarasov with a rebound.
3:50 of 1st period - Wrist shot by Michael Bunting.
3:50 of 1st period - Deflect By Philipp Kurashev.
3:50 of 1st period - Deflect By Alexey Toropchenko.
3:50 of 1st period - Shot Misses the Net.
3:50 of 1st period - Puck is out of play.
3:51 of 1st period - Nazem Kadri wins face-off versus Michael Bunting in Anaheim Ducks zone.
4:35 of 1st period - Chandler Stephenson is hit by Victor Hedman and loses puck.
5:22 of 1st period - Nikita Zadorov is hit by Morgan Rielly and loses puck.
5:51 of 1st period - Joshua Morrissey is hit by Kyle Connor and loses puck.
7:00 of 1st period - Icing by Ivan Provorov.
7:01 of 1st period - Philipp Kurashev wins face-off versus Mark Scheifele in Anaheim Ducks zone.
7:10 of 1st period - Snap shot by Michael Bunting.
7:10 of 1st period - Stopped by Linus Ullmark without a rebound.
7:11 of 1st period - Nazem Kadri wins face-off versus Tim Stutzle in Anaheim Ducks zone.
7:45 of 1st period - Snap shot by Mason Marchment.
7:45 of 1st period - Stopped by Daniil Tarasov with a rebound.
7:47 of 1st period - Slapshot by Mark Scheifele.
7:47 of 1st period - Stopped by Daniil Tarasov without a rebound.
7:48 of 1st period - Nick Bonino wins face-off versus Nazem Kadri in Colorado Rockies zone.
8:11 of 1st period - Minor Penalty to Victor Hedman for Tripping.
8:12 of 1st period - John Tavares wins face-off versus Tim Stutzle in Colorado Rockies zone.
10:11 of 1st period - Penalty to Victor Hedman is over, Victor Hedman is back on ice.
10:27 of 1st period - Philipp Kurashev is hit by Ivan Provorov and loses puck.
11:28 of 1st period - Minor Penalty to Michael Bunting for High sticking.
11:29 of 1st period - John Tavares wins face-off versus Tim Stutzle in Colorado Rockies zone.
12:59 of 1st period - Nikita Zadorov is hit by Alex Killorn and loses puck.
13:28 of 1st period - Penalty to Michael Bunting is over, Michael Bunting is back on ice.
13:38 of 1st period - Kyle Palmieri is hit by Luke Evangelista and loses puck.
17:16 of 1st period - Nick Schmaltz is hit by Jakob Chychrun and loses puck.
18:07 of 1st period - Kyle Palmieri is hit by Nazem Kadri.
18:49 of 1st period - Slapshot by Alexandre Texier.
18:49 of 1st period - Shot Blocked by Martin Fehervary.
19:13 of 1st period - Off-side.
19:14 of 1st period - William Nylander wins face-off versus Philipp Kurashev in neutral zone.
19:17 of 1st period - Andrew Peeke is hit by William Nylander and loses puck.
19:24 of 1st period - Snap shot by Philipp Kurashev.
19:24 of 1st period - Shot Misses the Net.
19:26 of 1st period - Slapshot by Philipp Kurashev.
19:26 of 1st period - Shot Blocked by John Tavares.
19:52 of 1st period - Brenden Dillon is hit by Vince Dunn and loses puck.
Goals for this period are 0 for Anaheim Ducks vs 0 for Colorado Rockies.
Shots for this period are 7 for Anaheim Ducks vs 2 for Colorado Rockies.
2nd period
0:01 of 2nd period - Nazem Kadri wins face-off versus Nikita Kucherov in neutral zone.
0:08 of 2nd period - Snap shot by William Nylander.
0:08 of 2nd period - Stopped by Daniil Tarasov with a rebound.
0:10 of 2nd period - Slapshot by Esa Lindell.
0:10 of 2nd period - Shot Blocked by Nikita Kucherov.
0:12 of 2nd period - Slapshot by Joshua Morrissey.
0:12 of 2nd period - Deflect By Nazem Kadri.
0:12 of 2nd period - Shot Misses the Net.
0:12 of 2nd period - Puck is out of play.
0:13 of 2nd period - Nazem Kadri wins face-off versus Tim Stutzle in Colorado Rockies zone.
0:18 of 2nd period - Wrist shot by Nazem Kadri.
0:18 of 2nd period - Stopped by Daniil Tarasov without a rebound.
0:19 of 2nd period - Nazem Kadri wins face-off versus Tim Stutzle in Colorado Rockies zone.
0:34 of 2nd period - Snap shot by Jesper Bratt.
0:34 of 2nd period - Shot Misses the Net.
0:48 of 2nd period - Slapshot by Kyle Connor.
0:48 of 2nd period - Shot Misses the Net.
0:50 of 2nd period - Snap shot by Kyle Connor.
0:50 of 2nd period - Stopped by Linus Ullmark with a rebound.
0:52 of 2nd period - Wrist shot by Kyle Connor.
0:52 of 2nd period - Goal by Kyle Connor - Anaheim Ducks : 0 - Colorado Rockies : 1.
0:53 of 2nd period - Nazem Kadri wins face-off versus Nick Schmaltz in neutral zone.
2:08 of 2nd period - Wrist shot by Alexandre Texier.
2:08 of 2nd period - Stopped by Daniil Tarasov with a rebound.
2:10 of 2nd period - Snap shot by Alexey Toropchenko.
2:10 of 2nd period - Deflect By Alexandre Texier.
2:10 of 2nd period - Shot Blocked by David Pastrnak.
2:10 of 2nd period - Puck is out of play.
2:11 of 2nd period - Jesper Bratt wins face-off versus Nazem Kadri in Colorado Rockies zone.
2:13 of 2nd period - Minor Penalty to Vince Dunn for Roughing.
2:14 of 2nd period - Nikita Kucherov wins face-off versus John Tavares in Colorado Rockies zone.
2:26 of 2nd period - Backhand shot by William Nylander.
2:26 of 2nd period - Shot Misses the Net.
2:28 of 2nd period - Wrist shot by Brayden Schenn.
2:28 of 2nd period - Stopped by Daniil Tarasov with a rebound.
2:30 of 2nd period - Wrist shot by John Tavares.
2:30 of 2nd period - Stopped by Daniil Tarasov with a rebound.
4:13 of 2nd period - Penalty to Vince Dunn is over, Vince Dunn is back on ice.
4:21 of 2nd period - Kyle Palmieri is hit by Alexandre Texier and loses puck.
4:34 of 2nd period - Alexandre Texier is hit by Nikita Zadorov.
4:42 of 2nd period - Minor Penalty to Nikita Zadorov for Roughing.
4:43 of 2nd period - Brayden Schenn wins face-off versus Nikita Kucherov in Colorado Rockies zone.
5:02 of 2nd period - Victor Hedman is hit by John Tavares and loses puck.
6:42 of 2nd period - Penalty to Nikita Zadorov is over, Nikita Zadorov is back on ice.
7:03 of 2nd period - Slapshot by Luke Evangelista.
7:03 of 2nd period - Shot Misses the Net.
7:33 of 2nd period - Victor Hedman is hit by Alexandre Texier and loses puck.
7:45 of 2nd period - Off-side.
7:46 of 2nd period - Nick Schmaltz wins face-off versus Nazem Kadri in neutral zone.
7:56 of 2nd period - Minor Penalty to John Tavares for Holding.
7:57 of 2nd period - J.T. Compher wins face-off versus Nikita Kucherov in Anaheim Ducks zone.
9:56 of 2nd period - Penalty to John Tavares is over, John Tavares is back on ice.
10:50 of 2nd period - Wrist shot by William Nylander.
10:50 of 2nd period - Deflect By J.T. Compher.
10:50 of 2nd period - Shot Blocked by Martin Fehervary.
10:50 of 2nd period - Puck is out of play.
10:51 of 2nd period - Chandler Stephenson wins face-off versus Philipp Kurashev in Colorado Rockies zone.
10:54 of 2nd period - Snap shot by Chandler Stephenson.
10:54 of 2nd period - Stopped by Daniil Tarasov with a rebound.
10:56 of 2nd period - Wrist shot by Joshua Morrissey.
10:56 of 2nd period - Stopped by Daniil Tarasov without a rebound.
10:57 of 2nd period - Chandler Stephenson wins face-off versus Philipp Kurashev in Colorado Rockies zone.
10:58 of 2nd period - Snap shot by Alex Killorn.
10:58 of 2nd period - Shot Blocked by Evgeny Kuznetsov.
11:16 of 2nd period - Wrist shot by Philipp Kurashev.
11:16 of 2nd period - Shot Misses the Net.
11:26 of 2nd period - Wrist shot by Alex Killorn.
11:26 of 2nd period - Shot Misses the Net.
11:28 of 2nd period - Snap shot by Chandler Stephenson.
11:28 of 2nd period - Shot Misses the Net.
11:30 of 2nd period - Snap shot by Alex Killorn.
11:30 of 2nd period - Stopped by Daniil Tarasov with a rebound.
11:32 of 2nd period - Slapshot by J.T. Compher.
11:32 of 2nd period - Shot Misses the Net.
11:34 of 2nd period - Snap shot by J.T. Compher.
11:34 of 2nd period - Stopped by Daniil Tarasov with a rebound.
11:49 of 2nd period - Wrist shot by Philipp Kurashev.
11:49 of 2nd period - Stopped by Linus Ullmark with a rebound.
12:26 of 2nd period - Off-side.
12:27 of 2nd period - Tim Stutzle wins face-off versus Nazem Kadri in neutral zone.
12:54 of 2nd period - Mason Marchment is hit by Kyle Connor and loses puck.
13:01 of 2nd period - Backhand shot by Kyle Connor.
13:01 of 2nd period - Stopped by Linus Ullmark with a rebound.
13:03 of 2nd period - Slapshot by Quinn Hughes.
13:03 of 2nd period - Shot Blocked by Mason Marchment.
13:20 of 2nd period - Brayden Schenn is hit by Nikita Zadorov and loses puck.
14:03 of 2nd period - Minor Penalty to Nazem Kadri for Slashing.
14:04 of 2nd period - J.T. Compher wins face-off versus Nick Schmaltz in Anaheim Ducks zone.
14:42 of 2nd period - Wrist shot by Jesper Bratt.
14:42 of 2nd period - Stopped by Linus Ullmark with a rebound.
15:04 of 2nd period - Jesper Bratt is hit by Ivan Provorov and loses puck.
16:03 of 2nd period - Penalty to Nazem Kadri is over, Nazem Kadri is back on ice.
16:17 of 2nd period - Wrist shot by Michael Bunting.
16:17 of 2nd period - Deflect By Kyle Palmieri.
16:17 of 2nd period - Goal by Kyle Palmieri - Anaheim Ducks : 0 - Colorado Rockies : 2.
16:18 of 2nd period - Philipp Kurashev wins face-off versus Nazem Kadri in neutral zone.
16:23 of 2nd period - Snap shot by Kyle Palmieri.
16:23 of 2nd period - Stopped by Linus Ullmark without a rebound.
16:24 of 2nd period - Nazem Kadri wins face-off versus Philipp Kurashev in Anaheim Ducks zone.
16:39 of 2nd period - Wrist shot by William Nylander.
16:39 of 2nd period - Deflect By Michael Bunting.
16:39 of 2nd period - Stopped by Daniil Tarasov without a rebound.
16:40 of 2nd period - Jesper Bratt wins face-off versus Mason Marchment in Colorado Rockies zone.
17:14 of 2nd period - Wrist shot by William Nylander.
17:14 of 2nd period - Shot Misses the Net.
17:16 of 2nd period - Slapshot by Jakob Chychrun.
17:16 of 2nd period - Shot Misses the Net.
17:32 of 2nd period - Nick Schmaltz is hit by Alexey Toropchenko and loses puck.
17:41 of 2nd period - Snap shot by Luke Evangelista.
17:41 of 2nd period - Shot Misses the Net.
17:43 of 2nd period - Snap shot by Jakob Chychrun.
17:43 of 2nd period - Deflect By Kyle Connor.
17:43 of 2nd period - Stopped by Daniil Tarasov without a rebound.
17:44 of 2nd period - Nazem Kadri wins face-off versus Tim Stutzle in Colorado Rockies zone.
17:49 of 2nd period - Snap shot by William Nylander.
17:49 of 2nd period - Shot Hit the Post.
17:51 of 2nd period - Wrist shot by William Nylander.
17:51 of 2nd period - Shot Hit the Post.
17:53 of 2nd period - Slapshot by Esa Lindell.
17:53 of 2nd period - Deflect By Nazem Kadri.
17:53 of 2nd period - Stopped by Daniil Tarasov with a rebound.
17:55 of 2nd period - Slapshot by Joshua Morrissey.
17:55 of 2nd period - Stopped by Daniil Tarasov with a rebound.
17:55 of 2nd period - Daniil Tarasov from Colorado Rockies is injured at 17:55 of 2nd period (Strained Left Knee).
17:55 of 2nd period - Joey Daccord enters game.
17:56 of 2nd period - Tim Stutzle wins face-off versus Nazem Kadri in Colorado Rockies zone.
18:45 of 2nd period - Slapshot by Joshua Morrissey.
18:45 of 2nd period - Shot Blocked by Philipp Kurashev.
18:55 of 2nd period - Snap shot by Chandler Stephenson.
18:55 of 2nd period - Deflect By J.T. Compher.
18:55 of 2nd period - Stopped by Joey Daccord without a rebound.
18:56 of 2nd period - Tim Stutzle wins face-off versus Nazem Kadri in Colorado Rockies zone.
19:00 of 2nd period - Off-side.
19:01 of 2nd period - Nikita Kucherov wins face-off versus John Tavares in neutral zone.
19:16 of 2nd period - Snap shot by Tim Stutzle.
19:16 of 2nd period - Shot Misses the Net.
19:18 of 2nd period - Snap shot by Jesper Bratt.
19:18 of 2nd period - Shot Misses the Net.
Goals for this period are 0 for Anaheim Ducks vs 2 for Colorado Rockies.
Shots for this period are 14 for Anaheim Ducks vs 7 for Colorado Rockies.
3rd period
0:01 of 3rd period - Tim Stutzle wins face-off versus Nazem Kadri in neutral zone.
0:03 of 3rd period - Minor Penalty to Victor Hedman for Hooking.
0:04 of 3rd period - John Tavares wins face-off versus Nikita Kucherov in Colorado Rockies zone.
0:12 of 3rd period - Snap shot by John Tavares.
0:12 of 3rd period - Shot Misses the Net.
0:36 of 3rd period - Slapshot by Joshua Morrissey.
0:36 of 3rd period - Shot Misses the Net.
0:38 of 3rd period - Snap shot by Mark Scheifele.
0:38 of 3rd period - Stopped by Joey Daccord with a rebound.
0:40 of 3rd period - Wrist shot by Jakob Chychrun.
0:40 of 3rd period - Deflect By Alex Killorn.
0:40 of 3rd period - Shot Misses the Net.
0:40 of 3rd period - Puck is out of play.
0:41 of 3rd period - Tim Stutzle wins face-off versus John Tavares in Colorado Rockies zone.
1:10 of 3rd period - Snap shot by Mark Scheifele.
1:10 of 3rd period - Shot Misses the Net.
1:44 of 3rd period - Quinn Hughes is hit by Mark Scheifele and loses puck.
2:03 of 3rd period - Penalty to Victor Hedman is over, Victor Hedman is back on ice.
2:33 of 3rd period - Snap shot by David Pastrnak.
2:33 of 3rd period - Stopped by Linus Ullmark with a rebound.
3:27 of 3rd period - Alexandre Texier is hit by Victor Hedman and loses puck.
5:01 of 3rd period - Minor Penalty to J.T. Compher for Tripping.
5:02 of 3rd period - Kyle Connor wins face-off versus Alexandre Texier in Anaheim Ducks zone.
5:03 of 3rd period - Wrist shot by David Pastrnak.
5:03 of 3rd period - Shot Misses the Net.
5:17 of 3rd period - Icing by Nikita Zadorov.
5:18 of 3rd period - Alexandre Texier wins face-off versus Nick Schmaltz in Colorado Rockies zone.
5:21 of 3rd period - Wrist shot by Brayden Schenn.
5:21 of 3rd period - Stopped by Joey Daccord with a rebound.
5:23 of 3rd period - Snap shot by Esa Lindell.
5:23 of 3rd period - Deflect By David Pastrnak.
5:23 of 3rd period - Stopped by Joey Daccord without a rebound.
5:24 of 3rd period - Tim Stutzle wins face-off versus Alexandre Texier in Colorado Rockies zone.
5:35 of 3rd period - Wrist shot by Nikita Kucherov.
5:35 of 3rd period - Deflect By Brayden Schenn.
5:35 of 3rd period - Stopped by Linus Ullmark without a rebound.
5:36 of 3rd period - Tim Stutzle wins face-off versus Alexandre Texier in Anaheim Ducks zone.
6:30 of 3rd period - Ivan Provorov is hit by Quinn Hughes and loses puck.
7:01 of 3rd period - Penalty to J.T. Compher is over, J.T. Compher is back on ice.
7:33 of 3rd period - Minor Penalty to Brenden Dillon for Goalie Interference.
7:34 of 3rd period - J.T. Compher wins face-off versus Nick Schmaltz in Anaheim Ducks zone.
7:43 of 3rd period - Brayden Schenn is hit by Vince Dunn and loses puck.
7:48 of 3rd period - Snap shot by David Pastrnak.
7:48 of 3rd period - Stopped by Linus Ullmark without a rebound.
7:49 of 3rd period - Tim Stutzle wins face-off versus J.T. Compher in Anaheim Ducks zone.
9:33 of 3rd period - Penalty to Brenden Dillon is over, Brenden Dillon is back on ice.
9:50 of 3rd period - Wrist shot by Philipp Kurashev.
9:50 of 3rd period - Stopped by Linus Ullmark without a rebound.
9:51 of 3rd period - Philipp Kurashev wins face-off versus Alexandre Texier in Anaheim Ducks zone.
10:02 of 3rd period - Michael Bunting is hit by Brenden Dillon and loses puck.
11:03 of 3rd period - Icing by Kyle Palmieri.
11:04 of 3rd period - Mark Scheifele wins face-off versus Michael Bunting in Colorado Rockies zone.
11:09 of 3rd period - Snap shot by Brayden Schenn.
11:09 of 3rd period - Shot Misses the Net.
11:11 of 3rd period - Snap shot by Mason Marchment.
11:11 of 3rd period - Stopped by Joey Daccord without a rebound.
11:12 of 3rd period - Nazem Kadri wins face-off versus Jesper Bratt in Colorado Rockies zone.
11:27 of 3rd period - Snap shot by Nazem Kadri.
11:27 of 3rd period - Stopped by Joey Daccord with a rebound.
11:41 of 3rd period - Joshua Morrissey is hit by Nikita Zadorov and loses puck.
11:48 of 3rd period - Slapshot by Joshua Morrissey.
11:48 of 3rd period - Shot Blocked by Nick Schmaltz.
12:06 of 3rd period - Slapshot by Quinn Hughes.
12:06 of 3rd period - Stopped by Linus Ullmark with a rebound.
12:22 of 3rd period - Slapshot by Victor Hedman.
12:22 of 3rd period - Deflect By Tim Stutzle.
12:22 of 3rd period - Stopped by Linus Ullmark with a rebound.
12:24 of 3rd period - Snap shot by Jesper Bratt.
12:24 of 3rd period - Stopped by Linus Ullmark without a rebound.
12:25 of 3rd period - Tim Stutzle wins face-off versus Nazem Kadri in Anaheim Ducks zone.
12:36 of 3rd period - Snap shot by William Nylander.
12:36 of 3rd period - Shot Misses the Net.
12:51 of 3rd period - Wrist shot by Tim Stutzle.
12:51 of 3rd period - Shot Blocked by William Nylander.
12:53 of 3rd period - Slapshot by Victor Hedman.
12:53 of 3rd period - Stopped by Linus Ullmark with a rebound.
12:55 of 3rd period - Snap shot by Tim Stutzle.
12:55 of 3rd period - Stopped by Linus Ullmark with a rebound.
12:57 of 3rd period - Snap shot by Tim Stutzle.
12:57 of 3rd period - Shot Misses the Net.
13:01 of 3rd period - Wrist shot by Nikita Kucherov.
13:01 of 3rd period - Stopped by Linus Ullmark with a rebound.
13:03 of 3rd period - Snap shot by Nikita Kucherov.
13:03 of 3rd period - Shot Blocked by John Tavares.
13:05 of 3rd period - Slapshot by Tim Stutzle.
13:05 of 3rd period - Shot Misses the Net.
13:32 of 3rd period - Minor Penalty to Victor Hedman for Cross-checking.
13:33 of 3rd period - Brayden Schenn wins face-off versus Kyle Palmieri in Colorado Rockies zone.
15:20 of 3rd period - William Nylander is hit by Nikita Zadorov and loses puck.
15:32 of 3rd period - Penalty to Victor Hedman is over, Victor Hedman is back on ice.
15:44 of 3rd period - Minor Penalty to Brenden Dillon for Elbowing.
15:45 of 3rd period - J.T. Compher wins face-off versus David Pastrnak in Anaheim Ducks zone.
16:04 of 3rd period - Kyle Connor is hit by J.T. Compher and loses puck.
16:36 of 3rd period - Off-side.
16:37 of 3rd period - Chandler Stephenson wins face-off versus Tim Stutzle in neutral zone.
16:46 of 3rd period - Wrist shot by Jesper Bratt.
16:46 of 3rd period - Shot Misses the Net.
17:44 of 3rd period - Penalty to Brenden Dillon is over, Brenden Dillon is back on ice.
17:58 of 3rd period - Backhand shot by Michael Bunting.
17:58 of 3rd period - Shot Blocked by John Tavares.
18:39 of 3rd period - Icing by Morgan Rielly.
18:40 of 3rd period - Kevin Hayes wins face-off versus Mark Scheifele in Anaheim Ducks zone.
18:41 of 3rd period - Wrist shot by Jesper Bratt.
18:41 of 3rd period - Stopped by Linus Ullmark without a rebound.
18:42 of 3rd period - Chandler Stephenson wins face-off versus Nikita Kucherov in Anaheim Ducks zone.
18:47 of 3rd period - Snap shot by Nikita Kucherov.
18:47 of 3rd period - Shot Misses the Net.
18:49 of 3rd period - Snap shot by Tim Stutzle.
18:49 of 3rd period - Shot Misses the Net.
18:51 of 3rd period - Slapshot by Martin Fehervary.
18:51 of 3rd period - Shot Misses the Net.
18:53 of 3rd period - Snap shot by Martin Fehervary.
18:53 of 3rd period - Shot Misses the Net.
18:55 of 3rd period - Snap shot by Jesper Bratt.
18:55 of 3rd period - Shot Blocked by Jakob Chychrun.
18:57 of 3rd period - Snap shot by Nikita Kucherov.
18:57 of 3rd period - Shot Misses the Net.
19:03 of 3rd period - Minor Penalty to Alex Killorn for Cross-checking.
19:04 of 3rd period - Tim Stutzle wins face-off versus J.T. Compher in Anaheim Ducks zone.
19:09 of 3rd period - Wrist shot by Nikita Kucherov.
19:09 of 3rd period - Shot Blocked by Ivan Provorov.
19:11 of 3rd period - Snap shot by Jesper Bratt.
19:11 of 3rd period - Shot Misses the Net.
19:13 of 3rd period - Snap shot by Tim Stutzle.
19:13 of 3rd period - Shot Blocked by Ivan Provorov.
19:15 of 3rd period - Wrist shot by Tim Stutzle.
19:15 of 3rd period - Shot Blocked by Ivan Provorov.
Goals for this period are 0 for Anaheim Ducks vs 0 for Colorado Rockies.
Shots for this period are 5 for Anaheim Ducks vs 11 for Colorado Rockies.
Back to the Top